 Dungeon Crawl Stone Soup version 0.31-a0-152-g6aa68a64a1 (webtiles) character file.

Game seed: 12499835759545563561

424 mopl the Slasher (level 6, -1/43 HPs)
             Began as a Merfolk Gladiator on June 9, 2023.
             Slain by a black bear (3 damage)
             ... on level 5 of the Dungeon.
             The game lasted 00:04:14 (2585 turns).

mopl the Slasher (Merfolk Gladiator)                Turns: 2585, Time: 00:04:14

Health: -1/43      AC:  5    Str: 15    XL:     6   Next: 96%
Magic:  15/15      EV: 12    Int: 15    God:
Gold:   219        SH:  0    Dex: 13    Spells: 5/5 levels left

rFire   . . .        a - +0 long sword
rCold   . . .        (no shield)
rNeg    . . .        s - +0 ring mail
rPois   +            (no helmet)
rElec   .            n - +0 cloak
rCorr   .            j - +0 pair of gloves
SInv    .            (no boots)
Will    +....        (no amulet)
Stlth   +            i - ring of poison resistance
HPRegen 1.07/turn    v - ring of magical power
MPRegen 0.14/turn

%: no passive effects
@: no status effects
A: (nimble swimmer 2), mertail, clever 2, deformed body, frail 1, strong-willed
1, regeneration 1, wild magic 1
a: no special abilities


You were on level 5 of the Dungeon.
You visited 1 branch of the dungeon, and saw 5 of its levels.

You collected 219 gold pieces.

Inventory:

Hand Weapons
 a - a +0 long sword (weapon)
Missiles
 d - 3 throwing nets
 e - 6 curare-tipped darts (quivered)
Armour
 c - a +0 helmet
 j - a +0 pair of gloves (worn)
 l - a scarf of invisibility
 n - a +0 cloak (worn)
 s - a +0 ring mail (worn)
Jewellery
 i - a ring of poison resistance (left hand)
 v - a ring of magical power (right hand)
 x - a ring of positive energy
Wands
 t - a wand of light (3)
Scrolls
 b - a scroll of fog {unknown}
 g - 4 scrolls of teleportation {unknown}
 h - a scroll of torment {unknown}
 k - 3 scrolls of identify {unknown}
 m - a scroll of noise {unknown}
 q - a scroll of enchant armour {unknown}
 r - a scroll of vulnerability {unknown}
 y - a scroll of silence {unknown}
Potions
 f - 2 potions of curing {unknown}
 p - a potion of invisibility {unknown}
 u - 2 potions of heal wounds {unknown}
 w - a potion of degeneration {unknown}


   Skills:
 + Level 3.9 Fighting
 * Level 6.0 Long Blades
 + Level 2.7 Throwing
 + Level 1.8 Armour
 + Level 5.4 Dodging
 + Level 1.5 Evocations


You had 5 spell levels left.
You didn't know any spells.
Your spell library was empty.

Dungeon Overview and Level Annotations

Branches:
Dungeon (5/15)
 Temple: D:4-7

Altars:
Xom

Shops:
D:1 (   D:3 [

Annotations:
D:3 1 runed translucent door, shadowmeld's ghost, amateur DjFE


Innate Abilities, Weirdness & Mutations

((You are very nimble when in or above water. (Stealth+, EV+, Speed+++)))
Your lower body shifts to a powerful aquatic tail in water.
Your mind is very acute. (Int +8, Str/Dex -2)
Armour fits poorly on your strangely shaped body.
You are frail. (-10% HP)
You are strong-willed. (Will+)
Your natural rate of healing is unusually fast.
Your spells are a little harder to cast, but a little more powerful.


Message History

Reactivating autopickup.
You feel a bit more experienced.
Your Long Blades skill increases to level 6!
You hit the black bear.
The black bear is moderately wounded.
The black bear bites you.
* * * LOW HITPOINT WARNING * * *
The black bear closely misses you. The black bear claws you.
* * * LOW HITPOINT WARNING * * *
You slash the black bear!
The black bear is heavily wounded.
The black bear bites you but does no damage.
The black bear barely misses you. The black bear completely misses you.
You hit the black bear but do no damage.
The black bear is heavily wounded.
The black bear closely misses you. The black bear barely misses you.
The black bear claws you.
* * * LOW HITPOINT WARNING * * *
You barely miss the black bear.
The black bear is heavily wounded.
The black bear closely misses you. x2
The black bear claws you but does no damage.
You barely miss the black bear.
The black bear is heavily wounded.
The black bear bites you.
* * * LOW HITPOINT WARNING * * *
The black bear misses you.
The black bear claws you but does no damage.
You closely miss the black bear.
The black bear is heavily wounded.
The black bear bites you.
* * * LOW HITPOINT WARNING * * *
The black bear misses you.
The black bear claws you but does no damage.
You slash the black bear!
The black bear is severely wounded.
The black bear goes berserk!
The black bear bites you.
* * * LOW HITPOINT WARNING * * *
The black bear claws you.
You die...

, , * *..# , , , .,
.. ... ,, ..##..,,
*.. .. * ...... ,
... ...., , #.....#
..#,...#., #......**
..##..... , ,
**#...^####...>....
* #..@h.oh......# ,
#...###o.......# , *
#... #.o.......
........#........ ,
#.......##[.......
#........#<........,
#..##.........h....,
### #....#.........
, ##.###..<#.....


You could see a black bear (berserk), a hound and 2 orcs.

Vanquished Creatures
  An ice beast (D:5)
  An ogre (D:4)
  2 iguanas
  An orc wizard (D:5)
  10 adders
  3 dart slugs
  8 orcs
  7 ball pythons
  4 bats
  4 endoplasms
  6 giant cockroaches
  7 goblins
  6 hobgoblins
  2 kobolds (D:4)
  2 quokkas (D:3)
  4 frilled lizards
  4 rats
72 creatures vanquished.

Notes
Turn   | Place    | Note
-------+----------+-------------------------------------------
     0 | D:1      | mopl the Merfolk Gladiator began the quest for the Orb.
     0 | D:1      | Reached XP level 1. HP: 16/16 MP: 1/1
    97 | D:1      | Reached XP level 2. HP: 21/23 MP: 2/2
   106 | D:1      | Reached skill level 4 in Long Blades
   179 | D:1      | Found Ocwe's Weapon Shoppe.
   387 | D:1      | Reached XP level 3. HP: 23/28 MP: 3/3
   553 | D:2      | Found a shimmering altar of Xom.
   727 | D:2      | Reached skill level 1 in Armour
   727 | D:2      | Reached XP level 4. HP: 30/34 MP: 4/4
   936 | D:2      | Reached skill level 3 in Fighting
  1222 | D:3      | Identified the +7 dagger "Leherec" {pain, rElec}
  1229 | D:3      | Found a runed translucent door.
  1230 | D:3      | Noticed shadowmeld's ghost (amateur DjFE)
  1385 | D:3      | Found Faac Xuo's Armour Boutique.
  1439 | D:3      | Reached skill level 5 in Long Blades
  1731 | D:4      | Noticed an ogre
  1764 | D:4      | Identified the +1 short sword of the Trees {distort, rElec
                  | Dex+3}
  1785 | D:3      | Reached XP level 5. HP: 18/41 MP: 5/5
  2088 | D:4      | Reached skill level 5 in Dodging
  2438 | D:4      | Killed an ogre
  2439 | D:4      | Reached skill level 1 in Evocations
  2439 | D:4      | Reached XP level 6. HP: 46/47 MP: 6/6
  2542 | D:5      | Entered Level 5 of the Dungeon
  2542 | D:5      | Noticed an ice beast
  2549 | D:5      | Noticed a black bear
  2550 | D:5      | Killed an ice beast
  2572 | D:5      | Gained mutation: Your mind is acute. (Int +4, Str/Dex -1)
                  | [potion of mutation]
  2572 | D:5      | Gained mutation: You passively map a small area around you.
                  | [potion of mutation]
  2572 | D:5      | Gained mutation: You have a pair of small horns on your
                  | head. [potion of mutation]
  2572 | D:5      | Gained mutation: Your mind is very acute. (Int +8, Str/Dex
                  | -2) [potion of mutation]
  2575 | D:5      | Lost mutation: You have a pair of small horns on your head.
                  | [potion of mutation]
  2575 | D:5      | Lost mutation: You passively map a small area around you.
                  | [potion of mutation]
  2575 | D:5      | Gained mutation: Armour fits poorly on your strangely
                  | shaped body. [potion of mutation]
  2575 | D:5      | Gained mutation: You do not regenerate when monsters are
                  | visible. [potion of mutation]
  2575 | D:5      | Gained mutation: You passively dampen the noise of your
                  | surroundings. [potion of mutation]
  2576 | D:5      | Lost mutation: You do not regenerate when monsters are
                  | visible. [potion of mutation]
  2576 | D:5      | Lost mutation: You passively dampen the noise of your
                  | surroundings. [potion of mutation]
  2576 | D:5      | Gained mutation: You are frail. (-10% HP) [potion of
                  | mutation]
  2576 | D:5      | Gained mutation: You are strong-willed. (Will+) [potion of
                  | mutation]
  2576 | D:5      | Gained mutation: Your spells are a little harder to cast,
                  | but a little more powerful. [potion of mutation]
  2576 | D:5      | Gained mutation: Your natural rate of healing is unusually
                  | fast. [potion of mutation]
  2579 | D:5      | Reached skill level 6 in Long Blades
  2583 | D:5      | HP: 2/43 [black bear (6)]
  2585 | D:5      | Slain by a black bear

Illustrated notes

Levels and vault maps discovered:
D:1:      psy_arrival_conway, layout_rooms, serial_shops,
          nicolae_shop_back_alley_shop
D:2:      layout_loops_ring, basic_altar, minmay_misc_feat_diagonals
D:3:      layout_basic, gammafunk_ghost_grave, serial_shops,
          nicolae_shop_just_a_little_nook
D:4:      layout_loops_ring
D:5:      cheibrodos_two_vegetables, layout_cave_pools,
          gammafunk_temple_overflow_statue, minmay_temple_entry_antechambers,
          gup_sewer_entry_glass

Skill      XL: |  1  2  3  4  5  6 |
---------------+-------------------+-----
Long Blades    | 4 5 6 |  6.0
Armour         | 1 |  1.8
Fighting       | 3 |  3.9
Dodging        | 5 |  5.4
Evocations     | 1 |  1.5
Throwing       | |  2.7

Action                     |  1- 3 |  4- 6 || total
---------------------------+-------+-------++-------
  Melee: Long sword        |   102 |   167 ||   269
         Punch             |     1 |     3 ||     4
  Throw: Javelin           |       |     1 ||     1
  Evoke: Wand              |       |     2 ||     2
    Use: Potion            |       |     3 ||     3
   Stab: Sleeping          |       |     2 ||     2
         Invisible         |       |     1 ||     1
 Armour: Leather armour    |    35 |    14 ||    49
         Ring mail         |       |    64 ||    64
  Dodge: Dodged            |    77 |   139 ||   216

Table legend: (Time is in decaauts)
 A = Elapsed time spent in this place.
 B = Non-inter-level travel time spent in this place.
 C = Inter-level travel time spent in this place.
 D = Time resting spent in this place.
 E = Time spent auto-exploring this place.
 F = Levels seen in this place.
 G = Mean time per level.
                   A        B        C        D        E       F      G
               +--------+--------+--------+--------+--------+-----+--------+
         Total |   2625 |   2517 |    108 |    142 |   1747 |   5 |  525.0 |
       Dungeon |   2625 |   2517 |    108 |    142 |   1747 |   5 |  525.0 |
               +--------+--------+--------+--------+--------+-----+--------+

Top non-repeatable levels by time:
     D:4: 697 daAuts
     D:3: 695 daAuts
     D:2: 692 daAuts
     D:1: 494 daAuts
     D:5: 45 daAuts
